Map: Lost and Found LE

Players

Denver

  • Race: Zerg Zerg
  • League: Master
  • Spawn Location: 7:00

Reynor - Winner!

  • Race: Zerg Zerg
  • League: Master
  • Spawn Location: 1:00

Event: HomeStory Cup XVIII

VOD

Have the link to the VOD?

Description

Time

  • Played on: Nov. 22, 2018, 11:17 a.m.
  • Length: 9:58

All games in this series

Show
View Real Time Build Order
Export as new Build Order

Denver Zerg 

Build Orders: Hatch First 

Get SALT Encoding   

  12  0:00  Drone  
  13  0:13  Overlord  
  13  0:16  Drone  
  14  0:31  Drone x2  
  16  0:47  Hatchery  
  15  0:51  Drone  
  15  0:55  Drone  
  17  1:00  Drone  
  18  1:09  Extractor  
  17  1:14  Spawning Pool  
  17  1:16  Drone  
  17  1:20  Drone  
  18  1:29  Drone  
  19  1:39  Drone  
  20  1:52  Drone  
  21  2:00  Queen  
  21  2:01  Queen, Zergling x4  
  27  2:09  Metabolic Boost  
  27  2:11  Overlord  
  27  2:14  Drone  
  28  2:29  Drone x2  
  30  2:33  Hatchery  
  30  2:36  Drone  
  30  2:37  Drone  
  31  2:44  Overlord  
  31  2:46  Drone  
  32  2:54  Zergling x2  
  33  2:59  Zergling x2  
  33  3:04  Zergling x2  
  33  3:05  Baneling Nest  
  33  3:08  Zergling x8  
  33  3:11  Zergling x6  
  33  3:12  Queen  
  41  3:19  Zergling x2  
  43  3:20  Zergling x2  
  43  3:29  Overlord  
  43  3:36  Hatchery  
  43  3:39  Zergling x2  
  42  3:44  Drone x2  
  44  3:55  Drone x6  
  49  4:03  Zergling x2  
  49  4:05  Hatchery  
  46  4:11  Zergling x4  
  46  4:14  Overlord  
  46  4:16  Evolution Chamber  
  47  4:17  Drone  
  47  4:19  Baneling x2  
  47  4:21  Baneling x2  
  48  4:25  Drone x2  
  48  4:26  Drone  
  51  4:32  Overlord  
  51  4:38  Drone x2  
  51  4:39  Drone  
  54  4:46  Drone  
  54  4:48  Zerg Missile Weapons Level 1  
  54  4:49  Extractor  
  54  4:51  Extractor  
  53  4:55  Drone x4, Roach Warren  
  53  4:59  Overlord  
  55  5:02  Drone  
  55  5:03  Drone x2  
  58  5:12  Overlord  
  57  5:16  Zergling x2  
  57  5:17  Baneling x2  
  57  5:19  Overlord  
  53  5:41  Roach x11  
  71  5:47  Roach x2  
  74  5:51  Roach  
  74  5:52  Roach x2, Zergling x2  
  74  5:56  Roach  
  83  6:03  Zergling x8  
  86  6:10  Queen  
  88  6:12  Ravager  
  88  6:13  Zergling x6  
  88  6:17  Overlord  
  94  6:18  Roach  
  94  6:19  Roach  
  94  6:22  Baneling x2  
  94  6:29  Roach x2  
  94  6:32  Overlord  
  97  6:44  Roach x6, Zergling x2  
  99  6:50  Roach  
  99  6:51  Roach  
  99  6:52  Queen  
  89  6:55  Drone  
  89  6:57  Drone x2  
  89  6:59  Drone  
  93  7:02  Roach  
  93  7:06  Ravager  
  93  7:07  Queen  
  98  7:10  Roach  
  98  7:12  Drone  
  98  7:13  Overlord  
  101  7:16  Overlord  
  101  7:19  Ravager  
  103  7:23  Roach  
  103  7:27  Drone x3  
  103  7:29  Extractor, Overlord  
  105  7:31  Overlord  
  105  7:33  Drone  
  105  7:35  Extractor  
  105  7:38  Lair  
  105  7:40  Roach  
  105  7:42  Overlord  
  107  7:49  Overlord  
  107  7:50  Roach x2  
  111  7:57  Roach x4  
  119  8:01  Roach x2  
  125  8:05  Roach  
  125  8:06  Roach  
  125  8:08  Overlord  
  125  8:11  Roach  
  129  8:13  Zergling x2  
  129  8:15  Overlord  
  130  8:22  Roach x3  
  130  8:25  Overlord  
  136  8:35  Glial Reconstitution  
  136  8:37  Roach  
  136  8:38  Overlord  
  138  8:42  Ravager x2  
  140  8:50  Roach x4  
  140  8:55  Roach x2  
  152  8:59  Roach x2  
  156  9:05  Roach  
  156  9:06  Roach x2  
  146  9:12  Roach x3  
  140  9:18  Roach x2  
  140  9:21  Drone x2  
  138  9:26  Roach x2  
  138  9:30  Roach x2  
  144  9:36  Roach x2  
  144  9:37  Ravager  
  149  9:41  Ravager x2  
Show
View Real Time Build Order
Export as new Build Order

Reynor Zerg - Winner!

Build Orders: Hatch First, Zergling Baneling 

Get SALT Encoding   

  12  0:01  Drone  
  13  0:12  Overlord  
  13  0:17  Drone  
  14  0:30  Drone x2  
  16  0:48  Hatchery  
  15  0:51  Drone  
  15  0:54  Drone  
  17  0:58  Drone  
  18  1:08  Extractor  
  17  1:13  Spawning Pool  
  17  1:16  Drone  
  17  1:20  Drone  
  18  1:28  Drone  
  19  1:39  Drone  
  20  2:00  Zergling x6  
  20  2:01  Queen x2  
  27  2:10  Overlord  
  27  2:12  Drone  
  28  2:16  Metabolic Boost  
  29  2:30  Zergling x4  
  29  2:35  Zergling x4  
  32  2:41  Hatchery  
  32  2:43  Drone  
  32  2:46  Drone  
  33  2:53  Overlord  
  33  2:54  Drone  
  34  3:04  Drone  
  34  3:05  Drone  
  36  3:06  Baneling Nest  
  36  3:09  Drone  
  36  3:12  Drone x2  
  38  3:14  Drone  
  38  3:22  Overlord  
  38  3:23  Drone  
  39  3:28  Drone  
  39  3:31  Queen  
  39  3:34  Zergling x2  
  43  3:36  Zergling x2  
  43  3:40  Overlord  
  44  3:42  Zergling x2  
  44  3:44  Zergling x4  
  47  3:52  Zergling x6  
  47  3:58  Zergling x2  
  47  3:59  Zergling x4  
  45  4:03  Zergling x2  
  45  4:06  Baneling x2  
  45  4:07  Baneling  
  45  4:09  Queen  
  46  4:12  Baneling  
  46  4:14  Zergling x6  
  49  4:17  Zergling x4  
  49  4:21  Drone  
  52  4:24  Drone  
  52  4:28  Drone, Evolution Chamber  
  53  4:33  Overlord  
  53  4:36  Drone x2  
  55  4:41  Drone x2  
  57  4:46  Drone x3  
  57  4:48  Baneling x4  
  57  4:49  Baneling  
  59  4:54  Drone x3  
  59  4:55  Drone  
  63  5:00  Zergling x6  
  63  5:04  Queen  
  66  5:09  Zergling x4  
  66  5:12  Overlord  
  67  5:14  Zergling x2  
  67  5:15  Extractor  
  67  5:16  Extractor  
  66  5:23  Roach Warren  
  66  5:25  Overlord  
  66  5:26  Drone  
  66  5:27  Drone x3  
  69  5:29  Drone  
  69  5:32  Drone  
  69  5:35  Drone  
  67  5:41  Zergling x2  
  66  5:44  Zergling x2  
  66  5:49  Baneling x2  
  67  5:50  Drone  
  67  5:52  Drone x3  
  67  5:55  Zergling x2  
  71  5:58  Overlord  
  71  5:59  Drone x3  
  71  6:04  Zergling x2  
  71  6:06  Roach  
  71  6:07  Queen  
  71  6:10  Roach  
  76  6:12  Spine Crawler  
  76  6:14  Roach  
  77  6:19  Roach  
  77  6:20  Roach  
  77  6:22  Roach x3  
  86  6:25  Baneling  
  86  6:26  Baneling x4  
  86  6:27  Roach x2  
  86  6:29  Zergling x6  
  86  6:31  Queen  
  94  6:32  Spine Crawler  
  94  6:35  Roach  
  94  6:37  Roach  
  94  6:39  Queen  
  92  6:49  Roach x3, Zergling x4  
  94  6:54  Roach  
  94  6:55  Zerg Missile Weapons Level 1  
  94  6:56  Drone  
  94  6:57  Extractor  
  94  7:01  Roach  
  95  7:02  Roach  
  95  7:06  Drone  
  98  7:10  Overlord  
  98  7:15  Lair  
  97  7:24  Zergling x2  
  97  7:25  Baneling x4  
  97  7:26  Overlord  
  99  7:30  Extractor, Drone x6  
  99  7:33  Roach  
  105  7:41  Overlord  
  105  7:44  Overlord  
  105  7:45  Overlord  
  105  7:46  Roach x3  
  105  7:48  Roach  
  113  7:53  Overlord  
  113  7:57  Overlord  
  113  8:01  Roach x4  
  120  8:07  Roach x3  
  120  8:08  Roach x2  
  130  8:14  Roach  
  130  8:16  Roach  
  130  8:17  Roach x3, Glial Reconstitution  
  140  8:20  Roach x2  
  140  8:21  Roach  
  140  8:25  Overlord  
  140  8:26  Roach  
  140  8:27  Overseer  
  148  8:30  Drone  
  148  8:31  Extractor  
  148  8:32  Overlord x2  
  148  8:40  Overlord  
  148  8:45  Roach x3  
  154  8:49  Overlord  
  154  8:55  Roach x6  
  166  8:57  Overlord  
  166  8:59  Ravager x3  
  169  9:07  Roach  
  169  9:08  Roach x3  
  157  9:14  Roach x3  
  151  9:19  Roach x2  
  151  9:20  Roach  
  151  9:26  Roach  
  151  9:30  Roach x3  
  159  9:38  Roach  
Tags
 
Add a new tag
Caveats
  • Supply blocks, unpowered buildings, or Contaminate may cause inaccurate times.
  • Supply counts are checked every 10 seconds.